 Dungeon Crawl Stone Soup version 0.16-a0-3855-gd2600ac (webtiles) character file.

6421 timbw the Grappler (level 10, -9/141 HPs)
             Began as a Troll Monk on Jan 31, 2015.
             Was a High Priest of Zin.
             Mangled by a troll (14 damage)
             ... on level 4 of the Orcish Mines.
             The game lasted 00:17:25 (3792 turns).

timbw the Grappler (Troll Monk)                     Turns: 3792, Time: 00:17:25

Health: -9/141     AC:  8    Str: 28    XL:     10   Next: 66%
Magic:  16/16      EV: 13    Int:  8    God:    Zin [*****.]
Gold:   622        SH:  0    Dex: 17    Spells: 0 memorised, 9 levels left

rFire  . . .     SeeInvis .       - Unarmed
rCold  . . .     Clarity  .     d - +2 robe
rNeg   . . .     SustAb   .     (shield restricted)
rPois  ∞         Gourm    +     f - +0 hat
rElec  .         Spirit   .     m - +0 cloak
rCorr  .         Warding  .     (gloves unavailable)
rMut   .         Stasis   .     (boots unavailable)
MR     .....                    p - amulet of rage
Stlth  ..........               (no ring)
                                (no ring)

@: berserking, vitalised, very quick, not resistant to hostile enchantments,
extremely unstealthy
A: unfitting armour, claws 3, fast metabolism 3, gourmand, regeneration 2,
shaggy fur 1, tough skin 2
a: Recite, Vitalisation, Imprison, Sanctuary, Renounce Religion, Evoke Berserk
Rage


You were on level 4 of the Orcish Mines.
You worshipped Zin.
Zin was extremely pleased with you.
You were very hungry.

You visited 2 branches of the dungeon, and saw 13 of its levels.

You collected 713 gold pieces.
You donated 91 gold pieces to Zin.

Inventory:

Missiles
 i - 2 large rocks (quivered)
Armour
 a - a +1 robe
 d - a +2 robe (worn)
 f - a +0 hat (worn)
 m - a +0 cloak (worn)
Jewellery
 h - an uncursed ring of ice
 p - an amulet of rage (around neck)
Magical devices
 j - a wand of digging (6)
Scrolls
 c - 2 scrolls of enchant weapon
 e - 2 scrolls of remove curse
 l - a scroll of enchant armour
Potions
 k - a potion of brilliance {unknown}
 q - a potion of restore abilities
 u - a potion of curing {unknown}
Comestibles
 b - 5 meat rations
 g - 3 bread rations
 r - a slice of pizza


   Skills:
 + Level 4.6 Fighting
 + Level 4.8 Dodging
 - Level 1.1 Stealth
 + Level 11.8 Unarmed Combat
 + Level 6.5 Invocations
 - Level 5.0 Evocations


You had 9 spell levels left.
You didn't know any spells.

Dungeon Overview and Level Annotations

Branches:
Dungeon (11/15)               Orc (4/4) D:11            Elf (0/3) Orc:4
 Temple: D:4-7         Lair: D:8-11

Altars:
Elyvilon
Okawaru
Sif Muna
Vehumet
Xom
Zin
Beogh

Shops:
Orc:4 [


Innate Abilities, Weirdness & Mutations

You are too large for most types of armour.
You have claws for hands.
Your metabolism is lightning-fast.
You like to eat raw meat.
You heal very quickly.
You are covered in fur (AC +1).
You have very tough skin (AC +2).


Message History

You scratch the troll but do no damage.
The troll is severely wounded.
The troll bites you!
* * * LOW HITPOINT WARNING * * *
The troll closely misses you. The troll misses you.
You are too injured to fight recklessly!
You are too injured to fight recklessly!
You closely miss the troll.
The troll is heavily wounded.
The troll bites you!
* * * LOW HITPOINT WARNING * * *
The troll claws you!
* * * LOW HITPOINT WARNING * * *
The troll claws you but does no damage.
Use which ability? (? or * to list)
A red film seems to cover your vision as you go berserk!
You feel yourself moving faster!
You feel mighty!
You are feeling very hungry.
The troll bites you!
You die...

#o.##..... .## #.
#.#....... ## ..# #.
#......... .##..### #.##
##o........ ..#....###..#
#.......... ........# #.##
##.....#.##.
........###..###
###..#.#####
..........#....#####...####
................@T[...##
....#.....#.###########
...#.....#...........#
.........#.#########.#
.....#...#.##.._..##.#
....###....#....)..#.#
.........#.#.......#.#
.........#.#)###)..#.#
...........#.[.#...#.#


You could see a troll (bleeding).

Vanquished Creatures
  An orc sorcerer (Orc:4)
  A cyclops (Orc:3)
  Maurice (Orc:2)
  A wyvern (D:11)
  A hippogriff (D:8)
  2 wargs
  A steam dragon (D:11)
  2 insubstantial wisps (D:11)
  3 sky beasts (D:11)
  5 ogres
  An ice beast (D:6)
  16 orc warriors
  A phantom (D:5)
  A centaur (D:6)
  3 scorpions
  A wyvern skeleton (D:4)
  2 crimson imps
  A goliath beetle (D:6)
  2 centaur skeletons
  4 iguanas
  18 orc priests
  18 orc wizards
  3 worker ants
  A worker ant zombie (D:5)
  An adder (D:3)
  A gnoll (D:6)
  An adder skeleton (D:5)
  2 oozes
  95 orcs
  4 bats
  A bat skeleton (D:4)
  14 goblins
  9 hobgoblins
  6 jackals
  A quokka (D:6)
  A giant gecko (D:4)
  A giant newt (D:2)
  A jackal zombie (D:8)
  4 kobolds
  A quokka skeleton (D:4)
  8 rats
241 creatures vanquished.

Notes
Turn   | Place    | Note
--------------------------------------------------------------
     0 | D:1      | timbw, the Troll Monk, began the quest for the Orb.
     0 | D:1      | Reached XP level 1. HP: 22/22 MP: 1/1
   133 | D:2      | Reached XP level 2. HP: 26/29 MP: 1/1
   291 | D:5      | Entered Level 5 of the Dungeon
   305 | D:4      | Noticed a wyvern skeleton
   314 | D:4      | Killed a wyvern skeleton
   314 | D:4      | Reached skill level 5 in Unarmed Combat
   314 | D:4      | Reached XP level 3. HP: 8/36 MP: 2/2
   314 | D:4      | Reached XP level 4. HP: 9/44 MP: 2/2
   409 | D:4      | Found a white marble altar of Elyvilon.
   473 | D:4      | Reached skill level 6 in Unarmed Combat
   474 | D:4      | Reached XP level 5. HP: 48/50 MP: 2/2
   516 | D:4      | Found a deep blue altar of Sif Muna.
   527 | D:4      | Noticed a scorpion
   536 | D:4      | Killed a scorpion
   536 | D:4      | Reached skill level 7 in Unarmed Combat
   580 | D:4      | Noticed an ogre
   594 | D:4      | Killed an ogre
   594 | D:4      | Reached XP level 6. HP: 30/59 MP: 3/3
   747 | D:5      | Found a glowing silver altar of Zin.
   798 | D:5      | Noticed a phantom
   808 | D:5      | Killed a phantom
   808 | D:5      | Reached skill level 8 in Unarmed Combat
   864 | D:5      | Reached XP level 7. HP: 63/66 MP: 3/3
   899 | D:5      | Noticed a scorpion
   907 | D:5      | Killed a scorpion
  1003 | D:5      | Reached skill level 9 in Unarmed Combat
  1048 | D:5      | Found a deep blue altar of Sif Muna.
  1142 | D:5      | Became a worshipper of Zin the Law-Giver
  1142 | D:5      | Acquired Zin's first power
  1142 | D:5      | Acquired Zin's second power
  1285 | D:6      | Found a shimmering altar of Xom.
  1361 | D:6      | Found an iron altar of Okawaru.
  1431 | D:6      | Reached skill level 1 in Invocations
  1431 | D:6      | Reached skill level 1 in Evocations
  1519 | D:8      | Reached XP level 8. HP: 59/74 MP: 4/5
  1579 | D:8      | You fall through a shaft for 3 floors!
  1617 | D:11     | Reached skill level 10 in Unarmed Combat
  1661 | D:11     | HP: 3/74 [wyvern (13)]
  1792 | D:11     | Noticed a centaur skeleton
  1805 | D:11     | Killed a centaur skeleton
  1805 | D:11     | Reached XP level 9. HP: 58/80 MP: 8/10
  1827 | D:11     | Acquired Zin's third power
  1898 | D:11     | Found a staircase to the Orcish Mines.
  1914 | Orc:1    | Entered Level 1 of the Orcish Mines
  2084 | Orc:2    | Noticed Maurice
  2233 | Orc:2    | Killed Maurice
  2233 | Orc:2    | Reached skill level 11 in Unarmed Combat
  2282 | Orc:2    | Reached skill level 5 in Invocations
  2373 | Orc:2    | Reached skill level 5 in Evocations
  2379 | Orc:2    | Acquired Zin's fourth power
  2479 | Orc:3    | Found a radiant altar of Vehumet.
  2538 | Orc:3    | Noticed a cyclops
  2549 | Orc:3    | Killed a cyclops
  2549 | Orc:3    | Reached XP level 10. HP: 24/91 MP: 13/13
  2994 | Orc:4    | Entered Level 4 of the Orcish Mines
  3338 | Orc:4    | Found a roughly hewn altar of Beogh.
  3460 | Orc:4    | Found a roughly hewn altar of Beogh.
  3556 | Orc:4    | Found a staircase to the Elven Halls.
  3637 | Orc:4    | Found a roughly hewn altar of Beogh.
  3648 | Orc:4    | Noticed an orc sorcerer
  3657 | Orc:4    | Killed an orc sorcerer
  3684 | Orc:4    | Found Barghabu's Armour Shoppe.
  3790 | Orc:4    | HP: 2/94 [troll (10)]
  3792 | Orc:4    | Mangled by a troll

Action                   |  1- 3 |  4- 6 |  7- 9 | 10-12 || total
-------------------------+-------+-------+-------+-------++-------
Melee: Unarmed           |    35 |   104 |   334 |   197 ||   670
Invok: Vitalisation      |       |       |     9 |    11 ||    20
 Abil: Evoke Berserk Rag |       |       |     3 |     3 ||     6
  Use: Potion            |     1 |       |     5 |       ||     6
       Scroll            |       |       |     9 |     1 ||    10
 Stab: Sleeping          |     2 |       |       |       ||     2
  Eat: Chunk             |     2 |     3 |    15 |       ||    20
       Beef jerky        |       |       |       |     4 ||     4
       Meat ration       |       |       |       |     1 ||     1
